 Dungeon Crawl Stone Soup version 0.28.0-53-g5a82cb258f (webtiles) character file.

Game seed: 15032311484057928248

32 ChickenMitten the Covert (level 3, -3/28 HPs)
             Began as a Vampire Delver on Aug 4, 2022.
             Slain by a black bear (4 damage)
             ... on level 4 of the Dungeon.
             The game lasted 00:02:59 (763 turns).

ChickenMitten the Covert (Vampire Delver)            Turns: 763, Time: 00:03:01

Health: -3/28      AC:  3    Str: 17    XL:     3   Next: 10%
Magic:  4/4        EV: 12    Int: 14    God:
Gold:   34         SH:  0    Dex: 15    Spells: 1/4 levels left

rFire   . . .      SeeInvis +   a - +0 short sword
rCold   . . .      Faith    .   (no shield)
rNeg    . . .      Spirit   .   b - +0 leather armour
rPois   .          Reflect  .   (no helmet)
rElec   .          Harm     .   (no cloak)
rCorr   .          Rampage  .   (no gloves)
Will    .....                   (no boots)
Stlth   ++++......              (no amulet)
HPRegen 0.29/turn               k - +6 ring of strength
MPRegen 0.09/turn               (no ring)

@: healing quickly, studying Spellcasting
A: alive, fangs 3, see invisible, vampiric 2
a: Exsanguinate


You were on level 4 of the Dungeon.
You visited 1 branch of the dungeon, and saw 2 of its levels.

You collected 34 gold pieces.

Inventory:

Hand Weapons
 a - a +0 short sword (weapon)
Armour
 b - a +0 leather armour (worn)
Jewellery
 k - a +6 ring of strength (left hand)
 n - a ring of ice
Wands
 g - a wand of digging (3)
Scrolls
 c - a scroll of fog
 d - a scroll of magic mapping
 e - a scroll of fear
 j - a scroll of identify {unknown}
 o - a scroll of teleportation {unknown}
Potions
 f - a potion of haste
 h - a potion of heal wounds {unknown}
 i - a potion of berserk rage {unknown}
 l - a potion of degeneration {unknown}
 m - a potion of lignification {unknown}
 p - a potion of resistance {unknown}


   Skills:
 - Level 2.6 Fighting
 - Level 2.1 Short Blades
 - Level 2.1 Dodging
 - Level 8.6 Stealth
 * Level 1.0 Spellcasting


You had one spell level left.
You knew the following spells:

 Your Spells              Type           Power      Damage    Failure   Level
a - Vampiric Draining     Necr           0%         2d6       67%         3

Your spell library contained the following spells:

 Spells                   Type           Power      Damage    Failure   Level
 Slow                     Hex            0%         N/A       32%         1
 Confusing Touch          Hex            0%         N/A       67%         3


Dungeon Overview and Level Annotations

Branches:
Dungeon (5/15)
 Temple: D:4-7

Altars:

Shops:
D:4 (


Innate Abilities, Weirdness & Mutations

Your natural rate of healing is accelerated.
You have razor-sharp teeth.
You have supernaturally acute eyesight. (SInv)
You are afflicted with vampirism and can become a bat while bloodless.


Message History

[Y]es or [N]o only, please.
The spell is potentially lethal to miscast (67% risk of failure)!
Continue anyway? [Y]es or [N]o only, please.
The spell is potentially lethal to miscast (67% risk of failure)!
Continue anyway? [Y]es or [N]o only, please.
The spell is potentially lethal to miscast (67% risk of failure)!
Continue anyway?
Okay, then.
You hit the black bear.
The black bear is heavily wounded.
The black bear bites you.
The black bear claws you but does no damage.
The black bear closely misses you.
You hit the black bear.
The black bear is heavily wounded.
The black bear misses you. The black bear claws you.
The black bear closely misses you.
You closely miss the black bear.
The black bear is heavily wounded.
The black bear misses you. The black bear claws you.
The black bear barely misses you.
You hit the black bear. You bite the black bear.
The black bear is almost dead.
The black bear bites you. The black bear barely misses you.
The black bear claws you.
* * * LOW HITPOINT WARNING * * *
You hit the black bear but do no damage.
The black bear is severely wounded.
The black bear goes berserk!
You barely miss the black bear.
The black bear is severely wounded.
The black bear barely misses you.
The black bear claws you but does no damage.
The black bear closely misses you.
You hit the black bear. Your punch misses the black bear.
Your bite misses the black bear.
The black bear is almost dead.
The black bear bites you!
* * * LOW HITPOINT WARNING * * *
The black bear claws you.
You die...

#.# #.# ##.## #.#
####...##### #..
#..<.......#######
#.##...###.##.....
#.###.## #.##.####
#.# #.# #.##.####
#.# #.####.##....#
#@# #.......####.#
#h# ######..# #.#
#.# #..# #.#
#.########..####.#
#...........##...#
###########.##.###
#.##.# ####.##.#
#....##.###


You could see a black bear (berserk).

Vanquished Creatures
  2 adders (D:4)
  An ufetubus (D:4)
  An adder zombie (D:4)
  A giant cockroach (D:4)
  A goblin (D:4)
  A jackal (D:4)
  A kobold (D:4)
8 creatures vanquished.

Notes
Turn   | Place    | Note
-------+----------+-------------------------------------------
     0 | D:5      | ChickenMitten the Vampire Delver began the quest for the
                  | Orb.
     0 | D:5      | Reached XP level 1. HP: 17/17 MP: 1/1
    18 | D:5      | Noticed a scorpion
   142 | D:4      | Reached skill level 8 in Stealth
   142 | D:4      | Reached XP level 2. HP: 23/23 MP: 2/2
   359 | D:4      | Found Istrem's Antique Weapon Emporium.
   487 | D:4      | Reached skill level 1 in Spellcasting
   487 | D:4      | Gained mutation: You are afflicted with vampirism and can
                  | become a bat while bloodless. [Vampire growth]
   487 | D:4      | Reached XP level 3. HP: 21/28 MP: 2/4
   602 | D:4      | Learned a level 3 spell: Vampiric Draining
   751 | D:4      | Noticed a black bear
   763 | D:4      | HP: 1/28 [black bear (7)]
   763 | D:4      | Slain by a black bear

Illustrated notes

Levels and vault maps discovered:
D:4:      layout_loops_ring, lemuel_round_altar, serial_shops,
          kennysheep_mini_moat, amcnicky_mini_pool_small, minmay_manual_moon
D:5:      layout_loops_cross, minmay_temple_entry_trees, uniq_crazy_yiuf_cottage

Skill      XL: |  1  2 |
---------------+-------+-----
Stealth        | 8 |  8.6
Spellcasting   | 1 |  1.0
Fighting       | |  2.6
Short Blades   | |  2.1
Dodging        | |  2.1

Action                   || total
-------------------------++-------
Melee: Short sword       ||    34
       Bite              ||     2
 Stab: Sleeping          ||     3
Armor: Leather armour    ||     9
Dodge: Dodged            ||    27
